[Event "Early-Titled-Tuesday-Blitz-September-05-2023"]
[Site "Chess.com"]
[Date "2023.09.05"]
[Round "1"]
[White "GMG"]
[Black "amylazy"]
[Result "1-0"]
[WhiteElo "2782"]
[BlackElo "2431"]
[TimeControl "180+1"]
[EndTime "8:06:21 PDT"]
[Termination "GMG won on time"]

1. d4 Nf6 2. c4 g6 3. Nf3 Bg7 4. g3 O-O 5. Bg2 d5 6. cxd5 Nxd5 7. O-O Nb6 8. Nc3 Nc6 9. d5 Na5 10. Qc2 Bd7 11. Rd1 Nac4 12. e4 Qc8 13. b3 Ne5 14. Nxe5 Bxe5 15. Bh6 Re8 16. Rac1 Bh8 17. a4 Bg4 18. f3 Bh3 19. a5 Bxg2 20. Kxg2 Nd7 21. Nb5 c5 22. dxc6 bxc6 23. Qxc6 Qxc6 24. Rxc6 Ne5 25.
Rc7 Rac8 26. Rd2 Bg7 27. Bxg7 Kxg7 28. Rxa7 Rb8 29. Nd4 Red8 30. Rc7 Kg8 31. Rcc2 Rdc8 32. Rxc8+ Rxc8 33. b4 Nc4 34. Ra2 Rb8 35. a6 e5 36.
a7 Ra8 37. Nc6 1-0

[Event "Early-Titled-Tuesday-Blitz-September-05-2023"]
[Site "Chess.com"]
[Date "2023.09.05"]
[Round "1"]
[White "Shuvalov"]
[Black "1stSecond"]
[Result "0-1"]
[WhiteElo "2497"]
[BlackElo "2922"]
[TimeControl "180+1"]
[EndTime "8:06:22 PDT"]
[Termination "1stSecond won by resignation"]

1. d4 Nf6 2. c4 c5 3. Nf3 cxd4 4. Nxd4 e5 5. Nb5 d5 6. cxd5 Bc5 7. e3 O-O 8. N5c3 e4 9. Be2 Bf5 10. b3 Nbd7 11.
Bb2 a6 12. a4 Ne5 13. Nxe4 Bxe4 14. Bxe5 Bxg2 15. Rg1 Bb4+ 16. Bc3 Bxc3+ 17. Nxc3 Bxd5 18.
Nxd5 Nxd5 19. Bc4 Qa5+ 20. Qd2 Nb4 21. Kf1 Rad8 22. Qc3 g6 23. Rg4 Qh5 24. Qxb4 a5 25. Bxf7+ Rxf7 26. Qe4 Qxh2 27. Qg2 Qe5 28. Re1 Rd2 29.
Kg1 Rfxf2 30. Rxg6+ hxg6 31. Qxg6+ Qg7 32. Qxg7+ Kxg7 0-1

[Event "Early-Titled-Tuesday-Blitz-September-05-2023"]
[Site "Chess.com"]
[Date "2023.09.05"]
[Round "1"]
[White "semchik73"]
[Black "PepeCuenca"]
[Result "0-1"]
[WhiteElo "2416"]
[BlackElo "2733"]
[TimeControl "180+1"]
[EndTime "8:06:22 PDT"]
[Termination "PepeCuenca won by resignation"]

1. Nf3 d5 2. c4 e6 3. d4 Nf6 4. Nc3 Be7 5. Bg5 h6 6. Bh4 O-O 7. e3 Ne4 8. Bxe7 Qxe7 9. Bd3 Nxc3 10. bxc3 dxc4 11. Bxc4 b6 12. O-O Bb7 13. Qe2 c5 14. e4 Nd7 15. Rfd1 Nf6 16. Bd3 Rfd8 17. Rac1 Rac8 18. e5 Nd5 19. Qe4 g6 20. Qg4 Kg7 21.
h4 cxd4 22. cxd4 Rxc1 23. Rxc1 Nb4 24. Bb1 Bxf3 25. gxf3 h5 26. Qf4 Nd5 27. Qg5 Qxg5+ 28. hxg5 Rd7 29. Kf1 Rc7 30. Rxc7 Nxc7 31. Be4 Kf8 32.
Ke2 Ke7 33. Kd3 Kd7 34. Kc4 Nd5 35. a4 Nf4 36. Kc3 h4 37. Kd2 h3 38. Ke3 h2 39.
Kxf4 h1=Q 40. Ke3 Qc1+ 41. Kd3 Qd1+ 42. Ke3 Qxa4 43. Kf4 Qa3 44. d5 Qc1+ 45. Kg4 exd5 46. Bxd5 Ke7 47. Be4 Qc3 48. f4 Qd4 49. f3 a5 50. Bc6 Qc5 51. Ba4 b5 52. Bc2 Qxc2 0-1

[Event "Early-Titled-Tuesday-Blitz-September-05-2023"]
[Site "Chess.com"]
[Date "2023.09.05"]
[Round "1"]
[White "Dave_ChessMate"]
[Black "McCarthyStone"]
[Result "1-0"]
[WhiteElo "2734"]
[BlackElo "2416"]
[TimeControl "180+1"]
[EndTime "8:06:23 PDT"]
[Termination "Dave_ChessMate won by checkmate"]

1. d4 Nf6 2. Nc3 d6 3. e4 e5 4. Nf3 exd4 5. Nxd4 g6 6. Be2 Bg7 7. Be3 O-O 8. Qd2 Re8 9. f3 d5 10. O-O-O c5 11. Nb3 d4 12. Nxc5 Nc6 13. Bxd4 Nxd4 14. Qxd4 Nd7 15. Qd2 Qb6 16. Nxd7 Bxd7 17. Qxd7 Rec8 18.
Na4 Qe3+ 19. Qd2 Qf2 20. Rhf1 Qh4 21. f4 Qe7 22. e5 b5 23. Nc3 b4 24. Nd5 Qb7 25. Bf3 Qa6 26. Kb1 Rab8 27. Ne7+ Kh8 28. Nxc8 Rxc8 29. Qd8+ Rxd8 30. Rxd8+ Bf8 31. Rxf8+ Kg7 32.
Rxf7+ Kxf7 33. Rd1 Qb6 34. g3 Qe3 35. Bd5+ Ke7 36.
Bb3 Qe2 37. c4 bxc3 38. bxc3 Qxh2 39. e6 Qxg3 40. Rd7+ Kf6 41. Rf7# 1-0

[Event "Early-Titled-Tuesday-Blitz-September-05-2023"]
[Site "Chess.com"]
[Date "2023.09.05"]
[Round "1"]
[White "starplatinum2030"]
[Black "Sammed_Shete"]
[Result "1-0"]
[WhiteElo "2417"]
[BlackElo "2682"]
[TimeControl "180+1"]
[EndTime "8:06:23 PDT"]
[Termination "starplatinum2030 won by checkmate"]

1. Nf3 Nf6 2. g3 c5 3. c4 Nc6 4.
Bg2 g6 5. O-O Bg7 6. Nc3 O-O 7. d3 d6 8. Rb1 Bg4 9. a3 Qd7 10. Re1 Bh3 11. Bh1 a5 12. Bd2 h6 13.
Nd5 Nxd5 14. cxd5 Nd4 15. Nxd4 cxd4 16. Qb3 Rfc8 17. Rbc1 a4 18. Qb4 Kh7 19. f4 b5 20.
Rc6 Rab8 21. Rec1 Bg4 22. Kf2 h5 23. Rxc8 Rxc8 24. Rc6 Rb8 25. Qa5 Rb7 26. Qa8 h4 27.
Ba5 g5 28. Qd8 gxf4 29. gxf4 Qf5 30. Be4 Kh6 31. Bxf5 Bxf5 32. Bb4 Kh5 33. Qa8 Rd7 34. Rc8 Kg4 35. Rg8 Kh3 36. Rxg7 Bg4 37. Qc8 f5 38. Qxd7 e5 39. Qe7 e4 40. Rh7 e3+ 41. Kf1 Kxh2 42. Qxh4+ Bh3+ 43. Qxh3# 1-0

[Event "Early-Titled-Tuesday-Blitz-September-05-2023"]
[Site "Chess.com"]
[Date "2023.09.05"]
[Round "1"]
[White "Aswathchess"]
[Black "ashwanitiwari"]
[Result "1-0"]
[WhiteElo "2577"]
[BlackElo "2160"]
[TimeControl "180+1"]
[EndTime "8:06:23 PDT"]
[Termination "Aswathchess won by resignation"]

1. Nf3 f5 2. d4 Nf6 3. c4 d6 4. g3 g6 5. Bg2 Bg7 6. O-O O-O 7. Nc3 Qe8 8. Qb3 e5 9. dxe5 dxe5 10. Bg5 c6 11. Bxf6 Bxf6 12. e4 f4 13. Rad1 fxg3 14. fxg3 Nd7 15. c5+ Kg7 16. Qc4 Qe7 17.
b4 h6 18. Kh1 a6 19. Rd2 a5 20. a3 axb4 21. axb4 Re8 22. Rfd1 Nf8 23. Rd6 Be6 24.
Qd3 Rad8 25. Rxd8 Rxd8 26. Qxd8 Qxd8 27. Rxd8 Bxd8 28. Bf1 Bf6 29. Na4 Nd7 30. Kg2 g5 31. Kf2 Kf7 32. Nd2 Ke7 33. Bc4 Nf8 34. Ke3 Bxc4 35. Nxc4 Ne6 36. Na5 Nd4 37. Kd3 g4 38.
Nxb7 Nf3 39. Na5 Kd7 40. Nb6+ Kc7 41. b5 cxb5 42. Nd5+ Kc8 43. Nxf6 Nxh2 44. c6 Nf1 45. Nxg4 Nxg3 46. Nxe5 Kc7 47. Ng4 b4 48. Nxh6 b3 49.
Nf5 b2 50. Kc2 Nxe4 51. Kxb2 Nd6 52. Nxd6 Kxd6 53. Kc3 Kc7 54. Kc4 Kc8 55. Kd5 1-0

[Event "Early-Titled-Tuesday-Blitz-September-05-2023"]
[Site "Chess.com"]
[Date "2023.09.05"]
[Round "1"]
[White "YoreDea"]
[Black "CixPer1968"]
[Result "1-0"]
[WhiteElo "2570"]
[BlackElo "2131"]
[TimeControl "180+1"]
[EndTime "8:06:23 PDT"]
[Termination "YoreDea won on time"]

1. d4 d5 2. g3 Nf6 3. Bg2 c6 4. c4 dxc4 5. Nf3 g6 6. O-O Bg7 7. Ne5 O-O 8. Nxc4 Be6 9. Ne5 Nbd7 10. Nxd7 Nxd7 11. e4 Nb6 12. Be3 Nc4 13. Nc3 Qb6 14. b3 Nxe3 15. fxe3 Rad8 16. Qe2 Bxd4 17. Na4 Bxe3+ 18.
Kh1 Rd2 19. Qxd2 Bxd2 20. Nxb6 axb6 21. Rfd1 Bg5 22. Bf3 Ra8 23. e5 Bh6 24. Re1 Bg7 25. Re2 Ra5 26. Rae1 h5 27. Kg2 Bf5 28. a4 Rc5 29. Re3 Rc2+ 30. R1e2 Rc5 31. Re1 Kf8 32. Be4 Bg4 33. Bd3 Rc3 34. Bc4 Rc2+ 35. Kg1 Bh3 36. R3e2 Rc3 37. Rd2 Ke8 38. e6 1-0

[Event "Early-Titled-Tuesday-Blitz-September-05-2023"]
[Site "Chess.com"]
[Date "2023.09.05"]
[Round "1"]
[White "FGHSMN"]
[Black "malakismayil"]
[Result "1-0"]
[WhiteElo "2927"]
[BlackElo "2500"]
[TimeControl "180+1"]
[EndTime "8:06:24 PDT"]
[Termination "FGHSMN won by resignation"]

1. b3 e5 2. Bb2 Nc6 3. c4 Nf6 4. e3 d6 5. Nc3 Be7 6. Nf3 O-O 7.
Be2 Bf5 8. d3 h6 9. O-O a6 10.
a3 Re8 11. b4 Bf8 12. Nd2 g6 13. Qb3 Bg7 14. Rfe1 Qd7 15. Rad1 Rad8 16. Nd5 Be6 17. Bf3 Bxd5 18. cxd5 Ne7 19. g3 h5 20. Rc1 Rc8 21. h4 Nf5 22. Ne4 Nxe4 23. dxe4 Ne7 24. a4 f5 25. b5 a5 26. Bc3 b6 27. Bd2 Rf8 28.
Rf1 Kh7 29. Bg2 Bh6 30. exf5 Qxf5 31. e4 Qg4 32. Bxh6 Kxh6 33. Kh2 g5 34. Qe3 Kh7 35. Bh3 Qf3 36. Qxf3 Rxf3 37. Bxc8 Nxc8 38. Rxc7+ 1-0

[Event "Early-Titled-Tuesday-Blitz-September-05-2023"]
[Site "Chess.com"]
[Date "2023.09.05"]
[Round "1"]
[White "Bauman_Guy"]
[Black "MartinMatthiesen"]
[Result "1-0"]
[WhiteElo "2855"]
[BlackElo "2470"]
[TimeControl "180+1"]
[EndTime "8:06:24 PDT"]
[Termination "Bauman_Guy won by resignation"]

1. e4 c6 2. d4 d5 3. e5 Bf5 4. h4 h5 5. Bd3 Bxd3 6. Qxd3 Qa5+ 7. Nd2 e6 8. Nf3 Nh6 9. O-O Be7 10. a4 Nf5 11.
Nb3 Qa6 12. Qd1 Nxh4 13. Nxh4 Bxh4 14. Nc5 Qb6 15. Ra3 Be7 16. Rb3 Bxc5 17. Rxb6 Bxb6 18. Be3 Nd7 19. c3 O-O-O 20. b4 Bc7 21. b5 Nb6 22. a5 Nc4 23. bxc6 bxc6 24. Qa4 Kd7 25. a6 Rb8 26. Qd1 Ba5 27. Qf3 Ke8 28. Qg3 g6 29. Bg5 Rb3 30. Rc1 Bd8 31. Bxd8 Kxd8 32.
Qg5+ Kd7 33. Qf6 Rf8 34. Ra1 Rb6 35. Kh2 Rb5 36. Ra4 Rb6 37. Rb4 Rxb4 38. cxb4 Nb6 39. Kg3 Nc8 40. Qg7 Ke8 41. Qh6 Ne7 42. Qc1 Nf5+ 43.
Kh2 Kd7 44. Qc5 Ra8 45. b5 Ne7 46. b6 axb6 47. Qxb6 Rc8 1-0

[Event "Early-Titled-Tuesday-Blitz-September-05-2023"]
[Site "Chess.com"]
[Date "2023.09.05"]
[Round "1"]
[White "BigPiano"]
[Black "AlexKhripachenko"]
[Result "0-1"]
[WhiteElo "2405"]
[BlackElo "2713"]
[TimeControl "180+1"]
[EndTime "8:06:26 PDT"]
[Termination "AlexKhripachenko won by resignation"]

1. d4 d5 2. c4 e6 3. Nf3 Nf6 4. g3 dxc4 5. Bg2 a6 6. Ne5 Bb4+ 7.
Nc3 Nd5 8. O-O O-O 9. Qc2 b5 10.
a4 Bxc3 11. bxc3 Bb7 12. Ba3 Re8 13. Rfb1 Bc6 14. Nxc6 Nxc6 15. e4 Nb6 16. axb5 axb5 17.
Rxb5 Qd7 18. Rbb1 e5 19. d5 Na5 20. Bb4 Nb3 21. Rxa8 Rxa8 22. Bf1 c5 23. dxc6 Qxc6 24. Bxc4 Nxc4 25. Rxb3 h6 26. Kg2 f5 27. f3 Ne3+ 0-1

[Event "Early-Titled-Tuesday-Blitz-September-05-2023"]
[Site "Chess.com"]
[Date "2023.09.05"]
[Round "1"]
[White "taleslascando"]
[Black "szachuspl"]
[Result "0-1"]
[WhiteElo "1971"]
[BlackElo "2554"]
[TimeControl "180+1"]
[EndTime "8:06:26 PDT"]
[Termination "szachuspl won on time"]

1. e4 c6 2. Nf3 d5 3. Nc3 Bg4 4. h3 Bxf3 5. Qxf3 e6 6. b3 g6 7. Bb2 Bg7 8. O-O-O Ne7 9. h4 h5 10. g4 Nd7 11. gxh5 Rxh5 12. exd5 cxd5 13. Bd3 Rc8 14. Kb1 Ne5 15. Qe2 Nxd3 16. Qxd3 a6 17. Rdg1 Kf8 18.
Rg5 Nf5 19. Rxh5 gxh5 20. Qf3 Qb6 21. Qxh5 Qxf2 22. Na4 Bxb2 23. Nxb2 Qd4 24. Qg5 Qg7 25. Qf4 Qg3 26. Qb4+ Qd6 27. Qxd6+ Nxd6 28. h5 Kg7 29.
Nd3 Nf5 30. Nf4 Rg8 31. c4 dxc4 32. bxc4 Kf6 33. h6 Rh8 34. Kc2 Rxh6 35. Rg1 Rh4 0-1

[Event "Early-Titled-Tuesday-Blitz-September-05-2023"]
[Site "Chess.com"]
[Date "2023.09.05"]
[Round "1"]
[White "MarcoRiehle"]
[Black "renehp"]
[Result "1-0"]
[WhiteElo "2803"]
[BlackElo "2442"]
[TimeControl "180+1"]
[EndTime "8:06:27 PDT"]
[Termination "MarcoRiehle won on time"]

1. e4 c5 2. a3 g6 3. h4 Bg7 4. h5 Nc6 5. Nc3 d6 6. Bc4 e6 7. d3 Nge7 8. Nf3 gxh5 9. Bg5 h6 10.
Bh4 Qb6 11. Bb3 Ng6 12. Qd2 Nd4 13. Nxd4 cxd4 14. Ne2 Bd7 15. O-O-O a5 16. Kb1 a4 17.
Ba2 Nxh4 18. Rxh4 O-O-O 19. Rxh5 Kb8 20. f4 Rc8 21. Qb4 Qc7 22. Rc1 e5 23. fxe5 dxe5 24. Ng3 Bf8 25. Qd2 f6 26. Bd5 Qb6 27. Ka1 Bxa3 28. bxa3 Rc3 29. Rb1 1-0

[Event "Early-Titled-Tuesday-Blitz-September-05-2023"]
[Site "Chess.com"]
[Date "2023.09.05"]
[Round "1"]
[White "Tonychess32"]
[Black "HSH1987"]
[Result "0-1"]
[WhiteElo "2420"]
[BlackElo "2748"]
[TimeControl "180+1"]
[EndTime "8:06:28 PDT"]
[Termination "HSH1987 won on time"]

1. e4 d6 2. d4 Nf6 3. Nc3 g6 4. Nf3 Bg7 5. h3 O-O 6. Be3 c6 7. Qd2 Nbd7 8. Be2 e5 9. O-O Re8 10. dxe5 dxe5 11. Rfd1 Qe7 12. a3 Nc5 13. Bd3 Rd8 14.
Qe2 Nh5 15. Bg5 Bf6 16. Be3 Nxd3 17. Rxd3 Be6 18. Rad1 Rxd3 19. Qxd3 Qc7 20. Kh2 b6 21. Bg5 Rd8 22. Qf1 Rxd1 23. Qxd1 Kg7 24. Bxf6+ Nxf6 25. Qd2 h6 26. g3 Nd7 27. Kg2 b5 28. Qe3 a5 29.
Nd2 Qd6 30. f4 Nc5 31. Nf3 exf4 32. gxf4 b4 33. axb4 axb4 34. Ne2 Qd1 35. Ned4 Bc4 36. Qf2 Nxe4 37. Qe3 Qf1+ 38. Kh2 Bd5 0-1

[Event "Early-Titled-Tuesday-Blitz-September-05-2023"]
[Site "Chess.com"]
[Date "2023.09.05"]
[Round "1"]
[White "CFalcons8"]
[Black "thedjoker98"]
[Result "0-1"]
[WhiteElo "2277"]
[BlackElo "2609"]
[TimeControl "180+1"]
[EndTime "8:06:28 PDT"]
[Termination "thedjoker98 won on time"]

1. e4 e5 2. Nf3 Nc6 3. Bb5 g6 4. d4 exd4 5. Nxd4 Bg7 6. Be3 Nf6 7. Nc3 O-O 8. O-O Ne7 9. e5 Ne8 10. f4 c6 11. Bc4 d5 12. exd6 Nxd6 13. Be2 Re8 14.
Bf3 Nef5 15. Bf2 Nxd4 16. Bxd4 Bxd4+ 17. Qxd4 Qb6 18. Rfd1 Qxd4+ 19. Rxd4 Nf5 20. Rd3 Be6 21. b3 Rad8 22. Rad1 Rxd3 23. Rxd3 Kg7 24. g3 h5 25. Ne4 Bd5 26. Nd2 Bxf3 27. Nxf3 Ne3 28. Rd7 Nxc2 29.
Ng5 Re1+ 30. Kf2 Ra1 31. Rxf7+ Kg8 32. Rxb7 Rxa2 33. Rb8+ Kg7 34. Rb7+ Kf8 35. Kf3 a5 36. Ke4 Nb4 37. Ke5 Nd5 38. Ne6+ Ke8 39. Rg7 Rxh2 40. Rxg6 Rb2 41. Rg8+ Kf7 42. Rf8+ Ke7 43. f5 Re2+ 0-1

[Event "Early-Titled-Tuesday-Blitz-September-05-2023"]
[Site "Chess.com"]
[Date "2023.09.05"]
[Round "1"]
[White "ActorXu"]
[Black "MAGMAchess02"]
[Result "1-0"]
[WhiteElo "2720"]
[BlackElo "2410"]
[TimeControl "180+1"]
[EndTime "8:06:30 PDT"]
[Termination "ActorXu won by resignation"]

1. e4 g6 2. d4 Bg7 3. Nc3 c6 4. f4 d5 5. e5 h5 6. Nf3 Nh6 7. Be3 Bg4 8. Be2 Nf5 9. Bf2 h4 10. Qd2 e6 11. O-O-O b5 12. Ng5 Bxe2 13. Nxe2 Nd7 14. g4 Ne7 15. h3 Nb6 16. Nf3 Nc4 17. Qc3 a5 18. Bxh4 b4 19. Qd3 a4 20. Bf6 Bxf6 21. exf6 Nc8 22. g5 N8d6 23. Ne5 Nxe5 24. fxe5 Nf5 25. h4 Rh5 26. Nf4 b3 27. cxb3 axb3 28. a3 Rxh4 29. Rxh4 Nxh4 30. Qh3 Nf5 31. Qh7 c5 32. Qg8+ Kd7 33. Qxf7+ Kc6 34. Qxe6+ Kb5 35.
Qxd5 Nxd4 36. Rxd4 Qxd5 37. Rxd5 1-0

[Event "Early-Titled-Tuesday-Blitz-September-05-2023"]
[Site "Chess.com"]
[Date "2023.09.05"]
[Round "1"]
[White "Indianlad"]
[Black "ValeriyGrinev"]
[Result "1-0"]
[WhiteElo "3060"]
[BlackElo "2536"]
[TimeControl "180+1"]
[EndTime "8:06:31 PDT"]
[Termination "Indianlad won by resignation"]

1. g3 e5 2. Bg2 d5 3. Nf3 e4 4.
Nd4 Bc5 5. Nb3 Bb6 6. d3 exd3 7. Qxd3 Nf6 8. c4 dxc4 9. Qxd8+ Kxd8 10. N3d2 Ng4 11.
O-O Ne5 12. Na3 c3 13. bxc3 c6 14. Ndc4 Nxc4 15. Nxc4 Bc7 16. Rd1+ Ke8 17. Rb1 Na6 18. Bf4 Ke7 19. Bxc7 Nxc7 20. Na5 Nb5 21. Nxc6+ bxc6 22. Bxc6 Nxc3 23. Bxa8 Nxd1 24. Rxd1 Be6 25. Bf3 Bxa2 26. Ra1 Be6 27. Rxa7+ Kf6 28. h4 h5 29. Ra5 g6 30.
Bd5 Bxd5 31. Rxd5 Ke6 32. Rd3 Rb8 33. Kg2 Rb4 34. Re3+ Kf6 35. Rf3+ Ke6 36. Rf4 Rb3 37. Re4+ Kf6 38. f3 Ra3 39. Kf2 Rb3 40. Rf4+ Ke6 41.
Re4+ Kf6 42. Re3 Rb1 43. Rd3 Rb2 44. Rd6+ Ke7 45. Ra6 Rc2 46. Ke3 Rb2 47. Ra1 Rb4 48. Rd1 Ke6 49. Rd4 Rb2 50. Re4+ Kf6 51. Kf4 Ra2 52.
Re5 Ra4+ 53. e4 Ra3 54. Rb5 Ra4 55. Rb6+ Ke7 56. Rc6 Rb4 57. Ra6 Rb3 58. Ra7+ Ke6 59. Ra6+ Ke7 60. Ra2 Ke6 61. Rf2 Ra3 62. Kg5 Ra5+ 63.
Kh6 Ra3 64. Kg7 Rb3 65. g4 hxg4 66. fxg4 Rh3 67. Rxf7 Rxh4 68. g5 Rg4 69. Kxg6 Rxe4 70. Kg7 Re1 71. g6 Rg1 72. Rf2 Ke7 73. Kh7 Rh1+ 74.
Kg8 Rg1 75. g7 Rg3 76. Re2+ Kd7 77. Rh2 Ke7 78. Kh7 1-0

[Event "Early-Titled-Tuesday-Blitz-September-05-2023"]
[Site "Chess.com"]
[Date "2023.09.05"]
[Round "1"]
[White "brm72"]
[Black "IMSlavin"]
[Result "0-1"]
[WhiteElo "2556"]
[BlackElo "2160"]
[TimeControl "180+1"]
[EndTime "8:06:31 PDT"]
[Termination "IMSlavin won by resignation"]

1. d4 Nc6 2. c4 e5 3. d5 Nce7 4. Nc3 Ng6 5. e4 Bc5 6. g3 Nf6 7. Bg2 a6 8. Nf3 O-O 9. O-O d6 10. Rb1 Bd7 11. b4 Ba7 12. Ne1 Bc8 13. Nd3 h6 14. h3 Qe7 15. Qe2 Bd7 16. Be3 Nh7 17. Bxa7 Rxa7 18. Qe3 Raa8 19. c5 f5 20. exf5 Bxf5 21.
Ne4 Nf6 22. Nxf6+ Rxf6 23. Rfe1 Raf8 24. Rb2 Qd7 25. Kh2 Ne7 26. Rd1 Qa4 27. Rdd2 Bg6 28. Be4 Bxe4 29. Qxe4 Nf5 30. Kg2 Nd4 31. f4 Qe8 32. fxe5 Nf3 33. Re2 dxe5 34. Nxe5 Nxe5 35. Qxe5 Rf2+ 36. Kg1 Rf1+ 37. Kg2 R8f2+ 38. Rxf2 Rxf2+ 0-1

[Event "Early-Titled-Tuesday-Blitz-September-05-2023"]
[Site "Chess.com"]
[Date "2023.09.05"]
[Round "1"]
[White "chess123456s"]
[Black "EpicPlayz282"]
[Result "0-1"]
[WhiteElo "2661"]
[BlackElo "2401"]
[TimeControl "180+1"]
[EndTime "8:06:32 PDT"]
[Termination "EpicPlayz282 won by checkmate"]

1. Nf3 d5 2. g3 c6 3. Bg2 Bg4 4. O-O e6 5. c4 Nd7 6. d4 Ngf6 7. Nc3 Be7 8. Ne5 Nxe5 9. dxe5 Nd7 10. cxd5 cxd5 11. f4 Bh5 12. Be3 O-O 13. Qb3 Bc5 14. Bxc5 Nxc5 15. Qb5 Qb6 16. Qxb6 axb6 17. e4 d4 18. Nb5 Be2 19. Nxd4 Bxf1 20. Kxf1 Rfd8 21. Nb5 Nb3 22. Re1 Rxa2 23. Nd6 Rxb2 24. Re3 Ra8 25. Re1 Raa2 26. Bh1 Rxh2 27. Kg1 Rhd2 28. Nxb7 Nd4 29.
Rb1 Ne2+ 30. Kf1 Nxg3+ 31. Kg1 Nxh1 32. Kxh1 Rh2+ 33. Kg1 Rag2+ 34. Kf1 Rh1+ 35. Kxg2 Rxb1 36. Kf3 h5 37. f5 exf5 38. exf5 Kf8 39. Nd6 Ke7 40.
Ne4 f6 41. e6 Rf1+ 42. Kg3 Rxf5 43. Nc3 Kxe6 44. Kh4 b5 45. Ne4 Rf4+ 46. Kxh5 Rxe4 47. Kg6 b4 48. Kh7 b3 49. Kg8 b2 50. Kh7 b1=Q 51. Kg8 g5 52. Kg7 Qb7+ 53. Kg6 Qf7+ 54. Kh6 Rh4# 0-1

[Event "Early-Titled-Tuesday-Blitz-September-05-2023"]
[Site "Chess.com"]
[Date "2023.09.05"]
[Round "1"]
[White "maurovargas01"]
[Black "ejam94"]
[Result "0-1"]
[WhiteElo "1867"]
[BlackElo "2553"]
[TimeControl "180+1"]
[EndTime "8:06:33 PDT"]
[Termination "ejam94 won on time"]

1. e4 c5 2. Nc3 Nc6 3. f4 g6 4. Nf3 Bg7 5. Bb5 d6 6. Bxc6+ bxc6 7. O-O e6 8. Qe1 Ne7 9. d3 O-O 10. Bd2 Rb8 11. Rb1 d5 12. Qh4 dxe4 13. Nxe4 c4 14. Nf6+ Bxf6 15. Qxf6 Nf5 16. Qe5 cxd3 17. Bc3 Qb6+ 18.
Kh1 f6 19. Qe1 dxc2 20. Rc1 Qe3 21. Rxc2 Ba6 22. Qxe3 Nxe3 23. Rff2 Nxc2 24. Rxc2 Kf7 25. Bb4 Rxb4 26. Rxc6 Bb7 27. Rc7+ Kg8 28. b3 Rc8 29. Rxc8+ Bxc8 30. h3 Bb7 31. Nd2 Rxf4 32. Nc4 Rf2 33. Nd6 Bxg2+ 34. Kg1 Rxa2 35. Ne8 Kf7 36. Nd6+ Ke7 37. Nc4 e5 0-1

[Event "Early-Titled-Tuesday-Blitz-September-05-2023"]
[Site "Chess.com"]
[Date "2023.09.05"]
[Round "1"]
[White "campochess"]
[Black "Pingah9"]
[Result "0-1"]
[WhiteElo "2204"]
[BlackElo "2587"]
[TimeControl "180+1"]
[EndTime "8:06:36 PDT"]
[Termination "Pingah9 won by checkmate"]

1. e4 c5 2. Nc3 Nc6 3. g3 g6 4. Bg2 Bg7 5. Nge2 d6 6. d3 Nd4 7. Nxd4 cxd4 8. Ne2 e6 9. O-O Ne7 10. Bg5 h6 11. Bxe7 Qxe7 12. f4 O-O 13. g4 f5 14. Ng3 fxe4 15. Nxe4 d5 16. Nd2 Bd7 17. Qe2 Qd6 18. Qf2 g5 19. f5 exf5 20. gxf5 Bxf5 21. Qg3 Qxg3 22. hxg3 Rad8 23. Rae1 Rf7 24. Nb3 b6 25. Nc1 Kh7 26. a3 Kg6 27. Na2 a5 28. b4 h5 29.
bxa5 bxa5 30. Re2 Bg4 31. Ref2 Rxf2 32. Rxf2 Be5 33. Nc1 Bxg3 34. Rf1 Bf4 35. Nb3 a4 36. Nc5 Rc8 37. Nxa4 Rxc2 38. Nb6 h4 39. Bxd5 h3 40. Be4+ Kh5 41. Nd5 Be3+ 42. Kh1 Kh4 43. Nf6 Be2 44. Rb1 g4 45. Bf5 Bf3# 0-1

[Event "Early-Titled-Tuesday-Blitz-September-05-2023"]
[Site "Chess.com"]
[Date "2023.09.05"]
[Round "1"]
[White "Firouzja2003"]
[Black "FREDERICKtheMATE"]
[Result "1-0"]
[WhiteElo "3128"]
[BlackElo "2547"]
[TimeControl "180+1"]
[EndTime "8:06:37 PDT"]
[Termination "Firouzja2003 won by checkmate"]

1. d4 f6 2. e4 g6 3. Nc3 Bg7 4. f4 e6 5. Nf3 Ne7 6. Bd3 O-O 7. h4 d5 8. h5 dxe4 9. Nxe4 Nf5 10. c3 b6 11. g4 Ne7 12. hxg6 hxg6 13. Qe2 Bb7 14. Bd2 Nd7 15. O-O-O Re8 16. Qh2 Nf8 17. g5 Nd5 18. c4 f5 19. Nf2 Nb4 20. Bxb4 Bxf3 21. Bc3 Bxd1 22. Nxd1 Bxd4 23. Bc2 c5 24. Nf2 e5 25. Bxd4 exd4 26. Nd3 Qc7 27. Qh8+ Kf7 28.
Qf6+ Kg8 29. Rh8# 1-0

[Event "Early-Titled-Tuesday-Blitz-September-05-2023"]
[Site "Chess.com"]
[Date "2023.09.05"]
[Round "1"]
[White "Anton_Demchenko"]
[Black "MFatigue"]
[Result "1-0"]
[WhiteElo "2931"]
[BlackElo "2503"]
[TimeControl "180+1"]
[EndTime "8:06:37 PDT"]
[Termination "Anton_Demchenko won by resignation"]

1. e4 e6 2. d4 d5 3. Nd2 Nf6 4. e5 Nfd7 5. c3 c5 6. Ngf3 Nc6 7. Be2 Be7 8. O-O O-O 9. Re1 f6 10.
exf6 Bxf6 11. Nb3 c4 12. Nbd2 e5 13. dxe5 Ndxe5 14. Nxe5 Nxe5 15. Nf1 Be6 16. Ng3 Qd7 17. Be3 g6 18. Qd2 b6 19. Rad1 Rf7 20. Bd4 Ng4 21.
Bxg4 Bxg4 22. f3 Be6 23. Bxf6 Rxf6 24. Ne2 Bf7 25. Nd4 Rd6 26. Qg5 a6 27. Re7 Qd8 28. Rde1 Ra7 29. Nf5 Rxe7 30. Rxe7 Rd7 31. Qf6 gxf5 32.
Qxf7+ 1-0

[Event "Early-Titled-Tuesday-Blitz-September-05-2023"]
[Site "Chess.com"]
[Date "2023.09.05"]
[Round "1"]
[White "Boundless_Strike"]
[Black "Zhigalko_Sergei"]
[Result "0-1"]
[WhiteElo "2486"]
[BlackElo "2905"]
[TimeControl "180+1"]
[EndTime "8:06:37 PDT"]
[Termination "Zhigalko_Sergei won by resignation"]

1. d3 e5 2. e4 Bc5 3. Nf3 d6 4.
h3 Nc6 5. c3 Nf6 6. Be2 a6 7.
Nbd2 Ba7 8. Qc2 O-O 9. g4 d5 10. Nf1 Be6 11. Ng3 Qd6 12. g5 Nd7 13.
h4 f5 14. exf5 Bxf5 15. Nxf5 Rxf5 16. Bd2 Raf8 17. Rh3 Qe6 18. O-O-O e4 19. dxe4 dxe4 20. Nd4 Bxd4 21. cxd4 Nb6 22. Rb3 Nxd4 0-1

[Event "Early-Titled-Tuesday-Blitz-September-05-2023"]
[Site "Chess.com"]
[Date "2023.09.05"]
[Round "1"]
[White "viktorgen2021"]
[Black "klimkoj"]
[Result "0-1"]
[WhiteElo "2433"]
[BlackElo "2784"]
[TimeControl "180+1"]
[EndTime "8:06:38 PDT"]
[Termination "klimkoj won by checkmate"]

1. d4 Nf6 2. Nf3 e6 3. g3 d5 4. c4 Bb4+ 5. Bd2 Be7 6. Bg2 O-O 7. O-O c6 8. Qc2 Nbd7 9. Nc3 b6 10. e4 dxc4 11. Rfe1 b5 12. Rad1 Bb7 13. Bf4 h6 14.
Qc1 a6 15. h3 Rc8 16. g4 Nh7 17. d5 exd5 18. exd5 cxd5 19. Nxd5 Bc5 20. Ne5 Nxe5 21. Rxe5 Qh4 22. Qc2 Ng5 23. Bxg5 hxg5 24. Ne7+ Bxe7 25. Bxb7 Rc7 26. Bg2 Bc5 27. Rdd5 Be7 28. Qe2 Bf6 29.
Re8 Rc8 30. Rxc8 Rxc8 31. Rd7 Rf8 32. Qf3 Qh7 33. Qd5 Qb1+ 34. Kh2 Qxb2 35. Kg3 Qc3+ 36.
Kh2 Be5+ 37. Kg1 Qc1+ 38. Bf1 Qf4 39. Qg2 Bd4 40. Rd5 g6 41. h4 gxh4 42. g5 h3 43. Qxh3 Qxf2+ 44. Kh1 Qg1# 0-1

[Event "Early-Titled-Tuesday-Blitz-September-05-2023"]
[Site "Chess.com"]
[Date "2023.09.05"]
[Round "1"]
[White "emeli_chess"]
[Black "meoluoi91"]
[Result "0-1"]
[WhiteElo "2389"]
[BlackElo "2679"]
[TimeControl "180+1"]
[EndTime "8:06:38 PDT"]
[Termination "meoluoi91 won by resignation"]

1. d4 d5 2. c4 c6 3. Nc3 Nf6 4. e3 g6 5. Nf3 Bg7 6. Be2 O-O 7.
O-O a6 8. c5 Bg4 9. Ne5 Bxe2 10. Qxe2 Nfd7 11. f4 f6 12. Nf3 e5 13. Bd2 Qe7 14. Be1 e4 15. Nd2 a5 16. Bh4 Na6 17. a3 Nc7 18. b4 Ra7 19. b5 Raa8 20. bxc6 bxc6 21. Rab1 Rfb8 22. Rxb8+ Rxb8 23. Rb1 Qe8 24.
Nb3 Nb5 25. Nxb5 Rxb5 26. Nd2 Rxb1+ 27. Nxb1 Qb8 28. Qc2 f5 29. Be1 Qb5 30. Bc3 a4 31.
Qb2 Qxb2 32. Bxb2 Nxc5 33. Nc3 Nd3 34. Nxa4 Nxb2 35. Nxb2 c5 36. dxc5 Kf7 37. Na4 Ke7 38. Nb6 d4 39. Kf2 Kd8 40. Nd5 d3 41. Ke1 Kd7 42.
Nb4 Bb2 43. Nxd3 exd3 44. Kd2 Bxa3 45. Kxd3 Bxc5 46. e4 Ke6 47. h3 h5 48. e5 Kd5 49.
h4 Bf2 0-1